| TOP OF THE 1ST |
|
Arkansas Travelers batting - Pitching for Albuquerque Dukes : RHP Ronald Luongo
|
|
Pitching: RHP Ronald Luongo
|
|
|
Batting: RHB Randy Milligan
|
0-0: Ground out 4-3 (Groundball, 4, EV 88.8 MPH)
|
|
Batting: RHB Denny Gonzalez
|
0-0: Ball 1-0: Ball 2-0: Foul Ball, location: 2F 2-1: Ground out 6-3 (Groundball, 6, EV 107.5 MPH)
|
|
Batting: SHB Bobby Bonilla
|
0-0: Called Strike 0-1: Swinging Strike 0-2: Strikes out looking
|
| Top of the 1st over - 0 runs, 0 hits, 0 errors, 0 left on base; Arkansas 0 - Albuquerque 0 |
| BOTTOM OF THE 1ST |
|
Albuquerque Dukes batting - Pitching for Arkansas Travelers : RHP Chris Bosio
|
|
Pitching: RHP Chris Bosio
|
|
|
Batting: LHB Andres Romero
|
0-0: Ball 1-0: Called Strike 1-1: Swinging Strike 1-2: Foul Ball, location: 2F 1-2: SOLO HOME RUN (Flyball, 9LD, EV 111.9 MPH), Distance : 352 ft
|
|
Batting: RHB Steven Patterson
|
0-0: Called Strike 0-1: Swinging Strike 0-2: Ball 1-2: Ball 2-2: Ball 3-2: Ground out U3 (Groundball, 34, EV 90.6 MPH)
|
|
Batting: LHB Dave Yobs
|
0-0: Ball 1-0: Ball 2-0: Called Strike 2-1: Foul Ball, location: 2F 2-2: Foul Ball, location: 2F 2-2: Foul Ball, location: 2F 2-2: Foul Ball, location: 2F 2-2: Foul Ball, location: 2F 2-2: Ball 3-2: Foul Ball, location: 2F 3-2: Base on Balls
|
|
Pitching: LHP Kevin Joyce
|
|
|
Batting: RHB James Oros
|
0-0: Fly out, F8 (Flyball, 8RM, EV 96.3 MPH)
|
|
Batting: LHB Matthew Henderson
|
0-0: Ball 1-0: Ball 2-0: Ball 3-0: Called Strike 3-1: Base on Balls Dave Yobs to second
|
|
Batting: RHB Mark Maher
|
0-0: Ball 1-0: Foul Ball, location: 2F 1-1: Ball 2-1: Called Strike 2-2: Ball 3-2: DOUBLE (Flyball, 89D, EV 97.5 MPH) Dave Yobs scores Matthew Henderson to third Matthew Henderson scores
|
|
Batting: LHB John Elder
|
0-0: Foul Ball, location: 2F 0-1: Ball 1-1: Foul Ball, location: 2F 1-2: Ball 2-2: Ball 3-2: Base on Balls
|
|
Batting: RHB Kevin Harvey
|
0-0: Fly out, F8 (Flyball, 8LD, EV 91.9 MPH)
|
| Bottom of the 1st over - 3 runs, 2 hits, 0 errors, 2 left on base; Arkansas 0 - Albuquerque 3 |
| TOP OF THE 2ND |
|
Arkansas Travelers batting - Pitching for Albuquerque Dukes : RHP Ronald Luongo
|
|
Batting: LHB Dave Magadan
|
0-0: Ball 1-0: Fly out, F8 (Flyball, 8LS, EV 88.8 MPH)
|
|
Batting: SHB Bob Meacham
|
0-0: Foul Ball, location: 2F 0-1: Ball 1-1: Fly out, F7 (Flyball, 78D, EV 102.5 MPH)
|
|
Batting: RHB Dennis Seats
|
0-0: Ball 1-0: Called Strike 1-1: Ball 2-1: Foul Ball, location: 2F 2-2: Ground out 6-3 (Groundball, 6M, EV 86.9 MPH)
|
| Top of the 2nd over - 0 runs, 0 hits, 0 errors, 0 left on base; Arkansas 0 - Albuquerque 3 |
| BOTTOM OF THE 2ND |
|
Albuquerque Dukes batting - Pitching for Arkansas Travelers : LHP Kevin Joyce
|
|
Batting: LHB Sal Rende
|
0-0: Called Strike 0-1: Ground out U3 (Groundball, 3, EV 87.5 MPH)
|
|
Batting: LHB Andres Romero
|
0-0: Ball 1-0: Swinging Strike 1-1: Foul Ball, location: 2F 1-2: Strikes out looking
|
|
Batting: RHB Steven Patterson
|
0-0: Swinging Strike 0-1: Swinging Strike 0-2: Foul Ball, location: 2F 0-2: Ball 1-2: Strikes out swinging
|
| Bottom of the 2nd over - 0 runs, 0 hits, 0 errors, 0 left on base; Arkansas 0 - Albuquerque 3 |
| TOP OF THE 3RD |
|
Arkansas Travelers batting - Pitching for Albuquerque Dukes : RHP Ronald Luongo
|
|
Batting: LHB Jesus Marinez
|
0-0: Ball 1-0: Ball 2-0: Ground out 6-3 (Groundball, 6, EV 101.3 MPH)
|
|
Batting: RHB Rob Deer
|
0-0: Ball 1-0: Foul Ball, location: 2F 1-1: Ball 2-1: Swinging Strike 2-2: Strikes out looking
|
|
Batting: RHB Michael Strawberry
|
0-0: Ball 1-0: Called Strike 1-1: Swinging Strike 1-2: Strikes out looking
|
| Top of the 3rd over - 0 runs, 0 hits, 0 errors, 0 left on base; Arkansas 0 - Albuquerque 3 |
| BOTTOM OF THE 3RD |
|
Albuquerque Dukes batting - Pitching for Arkansas Travelers : LHP Kevin Joyce
|
|
Batting: LHB Dave Yobs
|
0-0: Ground out U3 (Groundball, 23, EV 82.5 MPH)
|
|
Batting: RHB James Oros
|
0-0: Ball 1-0: Called Strike 1-1: Called Strike 1-2: Fly out, F3 (Line Drive, 3, EV 71.9 MPH)
|
|
Batting: LHB Matthew Henderson
|
0-0: Ball 1-0: Ball 2-0: Called Strike 2-1: Ball 3-1: Base on Balls
|
|
Batting: RHB Mark Maher
|
0-0: Foul Ball, location: 2F 0-1: Ball 1-1: Swinging Strike 1-2: Fly out, F8 (Flyball, 8RD, EV 90.6 MPH)
|
| Bottom of the 3rd over - 0 runs, 0 hits, 0 errors, 1 left on base; Arkansas 0 - Albuquerque 3 |
| TOP OF THE 4TH |
|
Arkansas Travelers batting - Pitching for Albuquerque Dukes : RHP Ronald Luongo
|
|
Batting: RHB Randy Milligan
|
0-0: Ground out 3-1 (Groundball, 34S, EV 88.1 MPH)
|
|
Batting: RHB Denny Gonzalez
|
0-0: Ball 1-0: Fly out, F5 (Popup, 5F, EV 60.0 MPH)
|
|
Batting: SHB Bobby Bonilla
|
0-0: Called Strike 0-1: Ball 1-1: Ball 2-1: Ground out 4-3 (Groundball, 4, EV 78.1 MPH)
|
| Top of the 4th over - 0 runs, 0 hits, 0 errors, 0 left on base; Arkansas 0 - Albuquerque 3 |
| BOTTOM OF THE 4TH |
|
Albuquerque Dukes batting - Pitching for Arkansas Travelers : LHP Kevin Joyce
|
|
Batting: LHB John Elder
|
0-0: Ball 1-0: Foul Ball, location: 2F 1-1: Swinging Strike 1-2: Ball 2-2: Strikes out swinging
|
|
Batting: RHB Kevin Harvey
|
0-0: Called Strike 0-1: Ball 1-1: Ground out 4-3 (Groundball, 4, EV 90.6 MPH)
|
|
Batting: LHB Sal Rende
|
0-0: Swinging Strike 0-1: Ball 1-1: Foul Ball, location: 2F 1-2: Strikes out swinging
|
| Bottom of the 4th over - 0 runs, 0 hits, 0 errors, 0 left on base; Arkansas 0 - Albuquerque 3 |
| TOP OF THE 5TH |
|
Arkansas Travelers batting - Pitching for Albuquerque Dukes : RHP Ronald Luongo
|
|
Batting: LHB Dave Magadan
|
0-0: Ball 1-0: Ball 2-0: Ground out 6-3 (Groundball, 6, EV 88.1 MPH)
|
|
Batting: SHB Bob Meacham
|
0-0: Ball 1-0: Called Strike 1-1: Called Strike 1-2: Foul Ball, location: 2F 1-2: SINGLE (Groundball, 34D, EV 90.0 MPH) (infield hit)
|
|
Batting: RHB Dennis Seats
|
0-0: Ball 1-0: Called Strike 1-1: SINGLE (Groundball, 6MD, EV 105.0 MPH) Bob Meacham to second Runner from 2nd tries for 3rd, SAFE, no throw by CF
|
|
Batting: LHB Jesus Marinez
|
0-0: Ball 1-0: Called Strike 1-1: Fly out, F8 (Line Drive, 8RM, EV 91.9 MPH) Runner from 3rd tags up, SCORES, throw by CF
|
|
Batting: RHB Rob Deer
|
0-0: Fly out, F7 (Flyball, 7D, EV 97.5 MPH)
|
| Top of the 5th over - 1 run, 2 hits, 0 errors, 1 left on base; Arkansas 1 - Albuquerque 3 |
| BOTTOM OF THE 5TH |
|
Albuquerque Dukes batting - Pitching for Arkansas Travelers : LHP Kevin Joyce
|
|
Pitching: LHP Jeff Schneider
|
|
|
Batting: LHB Andres Romero
|
0-0: Called Strike 0-1: Ground out 4-3 (Groundball, 34D, EV 106.3 MPH)
|
|
Batting: RHB Steven Patterson
|
0-0: Ball 1-0: Ball 2-0: Ball 3-0: Called Strike 3-1: Fly out, F7 (Flyball, 7, EV 95.0 MPH)
|
|
Batting: LHB Dave Yobs
|
0-0: Ball 1-0: Fly out, F9 (Line Drive, 9D, EV 86.9 MPH)
|
| Bottom of the 5th over - 0 runs, 0 hits, 0 errors, 0 left on base; Arkansas 1 - Albuquerque 3 |
| TOP OF THE 6TH |
|
Arkansas Travelers batting - Pitching for Albuquerque Dukes : RHP Ronald Luongo
|
|
Batting: RHB Michael Strawberry
|
0-0: Called Strike 0-1: Foul Ball, location: 2F 0-2: Foul Ball, location: 2F 0-2: Foul Ball, location: 2F 0-2: Ball 1-2: Strikes out looking
|
|
Batting: RHB Randy Milligan
|
0-0: Called Strike 0-1: Fly out, F8 (Flyball, 89XD, EV 100.0 MPH)
|
|
Batting: RHB Denny Gonzalez
|
0-0: Called Strike 0-1: Ball 1-1: Foul Ball, location: 2F 1-2: Strikes out swinging
|
| Top of the 6th over - 0 runs, 0 hits, 0 errors, 0 left on base; Arkansas 1 - Albuquerque 3 |
| BOTTOM OF THE 6TH |
|
Albuquerque Dukes batting - Pitching for Arkansas Travelers : LHP Jeff Schneider
|
|
Batting: RHB James Oros
|
0-0: Foul Ball, location: 2F 0-1: Foul Ball, location: 2F 0-2: Foul Ball, location: 2F 0-2: Foul Ball, location: 2F 0-2: SOLO HOME RUN (Line Drive, 7D, EV 100.0 MPH), Distance : 367 ft
|
|
Batting: LHB Matthew Henderson
|
0-0: Foul Ball, location: 2F 0-1: Called Strike 0-2: Ball 1-2: Foul Ball, location: 2F 1-2: DOUBLE (Flyball, 78XD, EV 103.8 MPH)
|
|
Batting: RHB Mark Maher
|
0-0: Ball 1-0: Ball 2-0: Fly out, F8 (Flyball, 89XD, EV 100.6 MPH) Runner from 2nd tags up, SAFE at 3rd, no throw by CF
|
|
Batting: LHB John Elder
|
0-0: Ball 1-0: Swinging Strike 1-1: Called Strike 1-2: Strikes out swinging
|
|
Batting: RHB Kevin Harvey
|
0-0: Called Strike 0-1: Swinging Strike 0-2: Foul Ball, location: 2F 0-2: Ball 1-2: Foul Ball, location: 2F 1-2: Ground out U3 (Groundball, 3, EV 98.8 MPH)
|
| Bottom of the 6th over - 1 run, 2 hits, 0 errors, 1 left on base; Arkansas 1 - Albuquerque 4 |
| TOP OF THE 7TH |
|
Arkansas Travelers batting - Pitching for Albuquerque Dukes : RHP Ronald Luongo
|
|
Batting: SHB Bobby Bonilla
|
0-0: Fly out, F9 (Line Drive, 9D, EV 93.1 MPH)
|
|
Batting: LHB Dave Magadan
|
0-0: Foul Ball, location: 2F 0-1: Ground out 5-3 (Groundball, 56, EV 85.0 MPH)
|
|
Batting: SHB Bob Meacham
|
0-0: Fly out, F9 (Flyball, 89S, EV 76.3 MPH)
|
| Top of the 7th over - 0 runs, 0 hits, 0 errors, 0 left on base; Arkansas 1 - Albuquerque 4 |
| BOTTOM OF THE 7TH |
|
Albuquerque Dukes batting - Pitching for Arkansas Travelers : LHP Jeff Schneider
|
|
Batting: LHB Sal Rende
|
0-0: Called Strike 0-1: Ball 1-1: Foul Ball, location: 2F 1-2: Foul Ball, location: 2F 1-2: Fly out, F6 (Line Drive, 6, EV 66.3 MPH)
|
|
Pitching: LHP Claude Brodeur
|
|
|
Batting: LHB Andres Romero
|
0-0: Called Strike 0-1: Swinging Strike 0-2: Strikes out swinging
|
|
Batting: RHB Steven Patterson
|
0-0: Ball 1-0: Ball 2-0: Called Strike 2-1: Swinging Strike 2-2: Strikes out swinging
|
| Bottom of the 7th over - 0 runs, 0 hits, 0 errors, 0 left on base; Arkansas 1 - Albuquerque 4 |
| TOP OF THE 8TH |
|
Arkansas Travelers batting - Pitching for Albuquerque Dukes : RHP Ronald Luongo
|
|
Batting: RHB Dennis Seats
|
0-0: Ball 1-0: Foul Ball, location: 2F 1-1: Fly out, F9 (Flyball, 89S, EV 86.9 MPH)
|
|
Batting: LHB Jesus Marinez
|
0-0: Ball 1-0: Ball 2-0: Called Strike 2-1: Called Strike 2-2: SINGLE (Line Drive, 7S, EV 111.3 MPH)
|
|
Batting: RHB Rob Deer
|
0-0: Ball 1-0: Called Strike 1-1: Swinging Strike 1-2: Ball 2-2: Ball 3-2: Base on Balls Jesus Marinez to second
|
|
Batting: RHB Michael Strawberry
|
0-0: Ball 1-0: Ball 2-0: Called Strike 2-1: Ball 3-1: Swinging Strike 3-2: Base on Balls Jesus Marinez to third Rob Deer to second
|
|
Batting: RHB Randy Milligan
|
0-0: Called Strike 0-1: Ball 1-1: Ball 2-1: Ball 3-1: Base on Balls Jesus Marinez scores Rob Deer to third Michael Strawberry to second
|
|
Pinch Hitting: LHB Phil Stephenson
|
0-0: Fly out, F7 (Flyball, 7, EV 88.1 MPH) Runner from 3rd tags up, SCORES, throw by LF
|
|
Batting: SHB Bobby Bonilla
|
0-0: Called Strike 0-1: Swinging Strike 0-2: Ball Passed Ball! Michael Strawberry to third Randy Milligan to second 1-2: Foul Ball, location: 2F 1-2: Foul Ball, location: 2F 1-2: Ball 2-2: SINGLE (Line Drive, 8RS, EV 93.8 MPH) Michael Strawberry scores Randy Milligan to third Runner from 3rd tries for Home, SAFE, throw by CF to home Bobby Bonilla to second
|
|
Batting: LHB Dave Magadan
|
0-0: Foul Ball, location: 2F 0-1: Swinging Strike 0-2: Foul Ball, location: 2F 0-2: Ball 1-2: SINGLE (Groundball, 34D, EV 95.0 MPH) Bobby Bonilla to third Runner from 3rd tries for Home, SAFE, throw by RF to home
|
|
Pitching: LHP Ed Pruitt
|
|
|
Batting: SHB Bob Meacham
|
0-0: TRIPLE (Flyball, 89XD, EV 107.5 MPH) Dave Magadan scores
|
|
Batting: RHB Dennis Seats
|
0-0: Foul Ball, location: 2F 0-1: Ball 1-1: Ball 2-1: Ball 3-1: Base on Balls
|
|
Batting: LHB Jesus Marinez
|
0-0: Ball 1-0: Ball 2-0: Ground out 4-3 (Groundball, 34, EV 102.5 MPH)
|
| Top of the 8th over - 6 runs, 4 hits, 0 errors, 2 left on base; Arkansas 7 - Albuquerque 4 |
| BOTTOM OF THE 8TH |
|
Albuquerque Dukes batting - Pitching for Arkansas Travelers : LHP Claude Brodeur
|
|
Now at 2B: Greg Gagne
|
|
|
Batting: LHB Dave Yobs
|
0-0: Called Strike 0-1: Ball 1-1: Ball 2-1: Foul Ball, location: 2F 2-2: Ball 3-2: Foul Ball, location: 2F 3-2: Base on Balls
|
|
Batting: RHB James Oros
|
0-0: Ball 1-0: Called Strike 1-1: Called Strike 1-2: Ball 2-2: Ball 3-2: Base on Balls Dave Yobs to second
|
|
Batting: LHB Matthew Henderson
|
0-0: Ball 1-0: Ball 2-0: Called Strike 2-1: Reached on error, E5 (Groundball, 56S, EV 81.3 MPH) Dave Yobs to third James Oros to second
|
|
Batting: RHB Mark Maher
|
0-0: Ball 1-0: Ball 2-0: Swinging Strike 2-1: Ball 3-1: Swinging Strike 3-2: Foul Ball, location: 2F 3-2: Strikes out swinging
|
|
Pinch Hitting: RHB Edward Gates
|
0-0: Ball Wild Pitch! Dave Yobs scores James Oros to third Matthew Henderson to second 1-0: Foul Ball, location: 2F 1-1: Foul Ball, location: 2F 1-2: Fly out, F9 (Flyball, 9S, EV 83.1 MPH)
|
|
Batting: RHB Kevin Harvey
|
0-0: Fly out, F9 (Flyball, 9LD, EV 96.9 MPH)
|
| Bottom of the 8th over - 1 run, 0 hits, 1 error, 2 left on base; Arkansas 7 - Albuquerque 5 |
| TOP OF THE 9TH |
|
Arkansas Travelers batting - Pitching for Albuquerque Dukes : LHP Ed Pruitt
|
|
Pitching: RHP James Quinn
|
|
|
Now in RF: Edward Gates
|
|
|
Batting: RHB Rob Deer
|
0-0: Ball 1-0: Ball 2-0: SINGLE (Groundball, 6D, EV 97.5 MPH)
|
|
Batting: RHB Michael Strawberry
|
0-0: Ball 1-0: Bunt missed! 1-1: Bunted foul 1-2: Ball 2-2: Ball 3-2: Fly out, F8 (Flyball, 78D, EV 92.5 MPH)
|
|
Batting: RHB Randy Milligan
|
0-0: Ball 1-0: Called Strike 1-1: Ball 2-1: Called Strike 2-2: Foul Ball, location: 2F 2-2: Ball 3-2: SINGLE (Line Drive, 8RS, EV 96.3 MPH) Rob Deer to second Runner from 2nd tries for 3rd, SAFE, throw by CF made to third
|
|
Batting: RHB Greg Gagne
|
0-0: Fly out, F9 (Line Drive, 9, EV 87.5 MPH) Runner from 3rd tags up, SCORES, throw by RF
|
|
Batting: SHB Bobby Bonilla
|
0-0: Ball 1-0: Ball 2-0: Ball 3-0: Base on Balls Randy Milligan to second
|
|
Batting: LHB Dave Magadan
|
0-0: Swinging Strike 0-1: Ground out 4-3 (Groundball, 4, EV 78.8 MPH)
|
| Top of the 9th over - 1 run, 2 hits, 0 errors, 2 left on base; Arkansas 8 - Albuquerque 5 |
| BOTTOM OF THE 9TH |
|
Albuquerque Dukes batting - Pitching for Arkansas Travelers : LHP Claude Brodeur
|
|
Batting: LHB Sal Rende
|
0-0: Called Strike 0-1: Foul Ball, location: 2F 0-2: Ball 1-2: Strikes out swinging
|
|
Batting: LHB Andres Romero
|
0-0: Ball 1-0: Ball 2-0: Ball 3-0: Base on Balls
|
|
Batting: RHB Steven Patterson
|
0-0: Foul Ball, location: 2F 0-1: Ball 1-1: SINGLE (Groundball, 4MD, EV 104.4 MPH) Andres Romero to second
|
|
Batting: LHB Dave Yobs
|
0-0: Grounds into double play, 4-6-3 (Groundball, 4, EV 100.0 MPH)
|
| Bottom of the 9th over - 0 runs, 1 hit, 0 errors, 1 left on base; Arkansas 8 - Albuquerque 5 |
|